cohdb
Replays
Latest Replays
All Replays
Popular Replays
Top Player Replays
Match Explorer
How It Works
Community
CoH3 Stats
Reddit
Sign in to upload your games and track your stats! →
Sign in with Steam
Match 38610402
Unlisted
Match 38610402
Overview
Messages
Build Orders
End
Kettenkrad Recon Vehicle
Construct Infanterie Kompanie
Selects Mechanized Battlegroup
Construct Infanterie Kompanie
Pioneer Squad
MG 42 Machine Gun Team
Grenadier Squad
Grenadier Squad
Grenadier Squad
Construct Panzergrenadier Kompanie
色孽神选王九七
国产原装史迪仔
Genki
rajSkoothrapali ph.D
0
0
Comments
sign in to comment!
No comments posted yet!